 Dungeon Crawl Stone Soup version 0.31-a0-1101-g9ad1905e61 (webtiles) character file.

Game seed: 17909138906812444439

4850 kae the Covert (level 10, -8/74 HPs)
             Began as a Demonspawn Enchanter on Dec 1, 2023.
             Was a Follower of Dithmenos.
             Mangled by a cyclops (20 damage)
             ... on level 8 of the Dungeon.
             The game lasted 00:10:23 (7860 turns).

kae the Covert (Demonspawn Enchanter)               Turns: 7860, Time: 00:10:24

Health: -8/74      AC: 13    Str:  9    XL:     10   Next: 25%
Magic:  14/17      EV: 12    Int: 15    God:    Dithmenos [*.....]
Gold:   282        SH:  0    Dex: 18    Spells: 8/19 levels left

rFire   + . .        w - +3 dagger (elec)
rCold   . . .        (no shield)
rNeg    . . .        q - +0 steam dragon scales
rPois   .            u - +0 helmet
rElec   .            (no cloak)
rCorr   .            o - +0 pair of gloves
SInv    .            (no boots)
Will    .....        i - amulet of magic regeneration
Stlth   +++++        O - +4 ring of protection
HPRegen 0.32/turn    F - ring of protection from fire
MPRegen 0.55/turn

%: no passive effects
@: wreathed by umbra
A: molten scales 1, powered by pain 1, condensation shield, demonic touch 2
a: Renounce Religion


You were on level 8 of the Dungeon.
You worshipped Dithmenos.
Dithmenos was aware of your devotion.
You visited 2 branches of the dungeon, and saw 9 of its levels.
You also visited: Sewer.

You collected 432 gold pieces.
You spent 150 gold pieces at shops.


Innate Abilities, Weirdness & Mutations

You are partially covered in molten scales. (AC +2)
You sometimes gain a little power by taking damage.
A meltable shield of frost defends you. (SH +0)
Your touch may inflict irresistible damage on your foes.


   Skills:
 + Level 5.3 Fighting
 * Level 6.8 Short Blades
 - Level 1.7 Dodging
 * Level 8.0 Stealth
 + Level 5.2 Spellcasting
 + Level 6.0 Hexes
 - Level 5.0 Ice Magic


You had 8 spell levels left.
You knew the following spells:

 Your Spells              Type           Power      Damage    Failure   Level
a - Ensorcelled Hibernat  Hex/Ice        40%        N/A       2%          2
b - Confusing Touch       Hex            21%        N/A       4%          3
c - Tukima's Dance        Hex            21%        N/A       4%          3
d - Dazzling Flash        Conj/Hex       24%        N/A       14%         3

Your spell library contained the following spells:

 Spells                   Type           Power      Damage    Failure   Level
 Cause Fear               Hex            10%        N/A       14%         4
 Apportation              Tloc           6%         N/A       16%         1
 Necrotise                Necr           12%        1d4       16%         1
 Summon Small Mammal      Summ           12%        N/A       16%         1
 Static Discharge         Conj/Air       6%         3-4/arc   24%         2
 Ignite Poison            Fire/Tmut/Pois 3%         N/A       43%         3
 Anguish                  Hex/Necr       6%         N/A       43%         4
 Airstrike                Air            1%         2d(1-17)  85%         4
 Olgreb's Toxic Radiance  Pois           3%         N/A       85%         4
 Summon Lightning Spire   Summ/Air       3%         N/A       85%         4
 Fireball                 Conj/Fire      1%         3d3       99%         5
 Iskenderun's Battlesphe  Conj           3%         2d6       99%         5
 Bombard                  Conj/Erth      1%         9d1       100%        6
 Enfeeble                 Hex            10%        N/A       100%        7
 Spellforged Servitor     Conj/Summ      1%         N/A       100%        7

Inventory:

Hand Weapons
 a - a +1 dagger
 w - a +3 dagger of electrocution (weapon)
   (You bought it in a shop on level 3 of the Dungeon)
Missiles
 g - 83 stones
 m - 4 curare-tipped darts {=f}
 r - 29 poisoned darts
Armour
 b - a +0 robe
 d - a +0 pair of gloves
   (You found it on level 4 of the Dungeon)
 o - a +0 pair of gloves (worn)
   (You found it on level 2 of the Dungeon)
 q - +0 steam dragon scales (worn)
   (You found it on level 7 of the Dungeon)
 u - a +0 helmet (worn)
   (You found it on level 3 of the Dungeon)
Magical Staves
 j - a staff of fire {!a}
   (You found it on level 1 of the Dungeon)
Jewellery
 i - an amulet of magic regeneration (around neck)
   (You found it on level 1 of the Dungeon)
 F - a ring of protection from fire (right hand)
   (You found it on level 1 of the Dungeon)
 O - a +4 ring of protection (left hand)
   (You found it on level 1 of the Dungeon)
Wands
 A - a wand of flame (20)
   (You found it on level 6 of the Dungeon)
 D - a wand of digging (3)
   (You found it on level 7 of the Dungeon)
Scrolls
 f - 5 scrolls of teleportation {@r4}
 s - 2 scrolls of immolation {!r!r}
 t - 2 scrolls of poison {!r}
 y - a scroll of silence {!r}
 B - a scroll of amnesia {unknown}
 E - 2 scrolls of enchant weapon
Potions
 c - 2 potions of invisibility
 e - a potion of lignification {!q}
 h - 4 potions of might
 k - 2 potions of haste {@q3}
 l - a potion of curing {@q1}
 n - a potion of magic
 p - a potion of experience
 v - a potion of brilliance
 x - a potion of berserk rage {!q}
 z - a potion of attraction {!q}

Dungeon Overview and Level Annotations

Branches:
Dungeon (8/15) Zot: 26829  Temple (1/1) D:5 Zot: 5971    Lair (0/5) D:8
  Sewer (visited)

Altars:
Cheibriados
Dithmenos
Hepliaklqana
Kikubaaqudgha
Makhleb
Nemelex Xobeh
Qazlal
Trog
Uskayaw
Vehumet
Wu Jian
Xom
Yredelemnul

Shops:
D:1 ?   D:3 ( D:6

:
##..<##.........###..†...#....PPP
.....##..###..##.#...#.#.....PPPP
#....##..###......#..#<...P..PPPP
....###...##..##.....#.#.....P.PP
.......................#...P....P
#####.#########.#####......PP.>.P
# #..# #.....####..###P.PP..P # .
.# #.###....#.##


#..PPPPP # .. . # #@##.#.# ##PPPPP# # .# #. #.....C/# #. ####### . ...##.~.##
#[.... ##.#$# ..### ##. ## You could see a cyclops.


Message History

You kill the sky beast!
Dithmenos accepts your kill. 😮 MP[+1]
Casting: Ensorcelled Hibernation (safe; 2% risk of failure)
Confirm with . or Enter, or press ? or * to list all spells.
Aiming: Ensorcelled Hibernation (safe; 2% risk of failure)
Press: ? - help, Shift-Dir - straight line, f - manticore
Aim: a manticore (umbra, chance to affect: 35%)
The manticore looks drowsy... 😮 MP[-2]
You lost 2 mp, and now have 6/17 mp.
The helpless manticore fails to defend itself.
You stick the manticore like a pincushion!!!
You kill the manticore!
Dithmenos accepts your kill.
The cyclops throws a large rock.
The large rock hits you!
* * * LOW HITPOINT WARNING * * *
Your Stealth skill increases to level 8!
Your Hexes skill increases to level 6! 😨 HP[-13] MP[+1]
You take 13 damage, and now have 31/74 hp.
Items here: ( )))) [ ††. 😨 HP[+1] Unknown command.
Casting: Ensorcelled Hibernation (safe; 2% risk of failure)
Confirm with . or Enter, or press ? or * to list all spells.
Aiming: Ensorcelled Hibernation (safe; 2% risk of failure)
Press: ? - help, Shift-Dir - straight line, f - cyclops
Aim: a cyclops, quivering large rocks (umbra, chance to affect: 35%)
The cyclops easily resists.
The cyclops hits you!
* * * LOW HITPOINT WARNING * * *
You focus on the pain.
You feel your power returning. 😨 HP[-10] MP[+10]
You take 10 damage, and now have 22/74 hp.
Your mp is fully restored (17).
Unknown command.
Casting: Ensorcelled Hibernation (safe; 2% risk of failure)
Confirm with . or Enter, or press ? or * to list all spells.
Aiming: Ensorcelled Hibernation (safe; 2% risk of failure)
Press: ? - help, Shift-Dir - straight line, f/p - cyclops
Aim: a cyclops, quivering large rocks (umbra, chance to affect: 35%)
The cyclops easily resists.
The cyclops hits you.
* * * LOW HITPOINT WARNING * * *
😨 HP[-1] MP[-2]
You take 1 damage, and now have 21/74 hp.
You lost 2 mp, and now have 15/17 mp.
Unknown command.
Casting: Ensorcelled Hibernation (safe; 2% risk of failure)
Confirm with . or Enter, or press ? or * to list all spells.
Aiming: Ensorcelled Hibernation (safe; 2% risk of failure)
Press: ? - help, Shift-Dir - straight line, f/p - cyclops
Aim: a cyclops, quivering large rocks (umbra, chance to affect: 35%)
The cyclops easily resists.
The cyclops hits you!!
* * * LOW HITPOINT WARNING * * *
You focus on the pain.
You feel your power returning. 😱 HP[-18] MP[+2]
You take 18 damage, and now have 3/74 hp.
MASSIVE DAMAGE!! (PAUSE)
Your mp is fully restored (17).
You feel much better. 😨 HP[+26]
You regained 26 hp, and now have 29/74 hp.
Unknown command.
Casting: Ensorcelled Hibernation (safe; 2% risk of failure)
Confirm with . or Enter, or press ? or * to list all spells.
Aiming: Ensorcelled Hibernation (safe; 2% risk of failure)
Press: ? - help, Shift-Dir - straight line, f/p - cyclops
Aim: a cyclops, quivering large rocks (umbra, chance to affect: 35%)
The cyclops easily resists.
The cyclops barely misses you. 😨 MP[-2]
You lost 2 mp, and now have 15/17 mp.
Unknown command.
Casting: Ensorcelled Hibernation (safe; 2% risk of failure)
Confirm with . or Enter, or press ? or * to list all spells.
Aiming: Ensorcelled Hibernation (safe; 2% risk of failure)
Press: ? - help, Shift-Dir - straight line, f/p - cyclops
Aim: a cyclops, quivering large rocks (umbra, chance to affect: 35%)
The cyclops easily resists.
The cyclops hits you!!
* * * LOW HITPOINT WARNING * * *
You focus on the pain.
You feel your power returning. 😱 HP[-17] MP[+2]
You take 17 damage, and now have 12/74 hp.
MASSIVE DAMAGE!! (PAUSE)
Your mp is fully restored (17).
Casting: Ensorcelled Hibernation (safe; 2% risk of failure)
Confirm with . or Enter, or press ? or * to list all spells.
Aiming: Ensorcelled Hibernation (safe; 2% risk of failure)
Press: ? - help, Shift-Dir - straight line, f/p - cyclops
Aim: a cyclops, quivering large rocks (umbra, chance to affect: 35%)
The cyclops easily resists. 😱 MP[-2]
You lost 2 mp, and now have 15/17 mp.
Unknown command.
Casting: Ensorcelled Hibernation (safe; 2% risk of failure)
Confirm with . or Enter, or press ? or * to list all spells.
Aiming: Ensorcelled Hibernation (safe; 2% risk of failure)
Press: ? - help, Shift-Dir - straight line, f/p - cyclops
Aim: a cyclops, quivering large rocks (umbra, chance to affect: 35%)
The cyclops easily resists.
The cyclops hits you!!
You die...

Skill      XL: |  1  2  3  4  5  6  7  8  9 10 |
---------------+-------------------------------+-----
Short Blades   | 1 2 3 4 5 6 |  6.8
Stealth        | 3 4 5 6 7 8 |  8.0
Fighting       | 1 2 3 4 5 |  5.3
Ice Magic      | 1 2 3 4 5 |  5.0
Spellcasting   | 3 4 5 |  5.2
Hexes          | 4 5 6 |  6.0
Dodging        | |  1.7

Action                     |  1- 3 |  4- 6 |  7- 9 | 10-12 || total
---------------------------+-------+-------+-------+-------++-------
  Melee: Dagger            |    87 |   152 |   202 |    10 ||   451
         Touch             |    10 |    19 |    39 |     2 ||    70
         Punch             |       |     2 |     3 |       ||     5
   Cast: Ensorcelled Hiber |     9 |    30 |    56 |    19 ||   114
         Confusing Touch   |       |     2 |    12 |       ||    14
    Use: Scroll            |     1 |    11 |     8 |       ||    20
         Potion            |       |     3 |     1 |     1 ||     5
   Stab: Sleeping          |     6 |    20 |    50 |     7 ||    83
         Invisible         |       |     3 |       |       ||     3
         Confused          |       |     1 |     2 |       ||     3
 Armour: Robe              |    54 |    75 |   100 |       ||   229
         Steam dragon scal |       |       |    19 |    16 ||    35
  Dodge: Dodged            |    68 |    80 |   112 |     6 ||   266
  Block: Other             |       |       |    16 |       ||    16

Levels and vault maps discovered:
D:1:      saegor_arrival_under_anarchy, layout_basic, serial_shops,
          nicolae_shop_back_alley_shop, st_stairs_12
D:2:      layout_rooms
D:3:      layout_loops_corners, bloody_trog, serial_shops, shop,
          chequers_ecumenical_altar_simple
D:4:      layout_basic, cheibrodos_sewer_entry_drain, uniq_sigmund
D:5:      layout_loops_ring, mainiacjoe_overflow_24_doors, temple_hall,
          nicolae_grassy_gnolls
D:6:      layout_cave_pools, serial_shops, nicolae_shop_pleasant_corner_grove,
          dreamdust_wishing_well
D:7:      layout_basic
D:8:      layout_loops_cross, amcnicky_altar_gilded,
          chequers_temple_overflow_minitemple, kennysheep_mini,
          david_lair_shrubbed, minmay_misc_feat_tiny, minmay_crystal_water,
          minmay_the_grid_2x2 [minmay_the_grid_small_cups,
          minmay_the_grid_all_tris, minmay_the_grid_broken_lines,
          minmay_the_grid_prize_trominoes]
Temple:   compressed_dpeg_circular_temple

Notes
Turn   | Place    | Note
-------+----------+-------------------------------------------
     0 | D:1      | kae the Demonspawn Enchanter began the quest for the Orb.
     0 | D:1      | Reached XP level 1. HP: 13/13 MP: 3/3
     0 | D:1      | magus.rc [v1.11.3]
    70 | D:1      | Reached skill level 1 in Short Blades
   479 | D:1      | Found Miokh's Magic Scroll Emporium.
   484 | D:1      | Bought a scroll of identify for 26 gold pieces
   484 | D:1      | Bought a scroll of teleportation for 39 gold pieces
   509 | D:1      | Gained mutation: Your touch may inflict minor irresistible
                  | damage on your foes. [demonic ancestry]
   509 | D:1      | Reached XP level 2. HP: 18/20 MP: 5/5
   621 | D:1      | Reached skill level 3 in Stealth
   848 | D:1      | Learned a level 2 spell: Ensorcelled Hibernation
   961 | D:2      | Gained mutation: You are partially covered in molten
                  | scales. (AC +2) [demonic ancestry]
   961 | D:2      | Reached XP level 3. HP: 25/25 MP: 4/6
  1158 | D:2      | Reached skill level 1 in Fighting
  1164 | D:2      | Reached skill level 1 in Ice Magic
  1164 | D:2      | Gained mutation: Your touch may inflict irresistible damage
                  | on your foes. [demonic ancestry]
  1164 | D:2      | Reached XP level 4. HP: 10/32 MP: 3/7
  1396 | D:2      | You pick up a book of Power and begin reading...
  1396 | D:2      | You add the spells Iskenderun's Battlesphere, Bombard and
                  | Spellforged Servitor to your library.
  1454 | D:2      | Learned a level 3 spell: Confusing Touch
  1472 | D:3      | Found Gyashir's Antique Weapon Shoppe.
  1491 | D:3      | Reached skill level 2 in Short Blades
  1552 | D:3      | You add the spells Ignite Poison, Olgreb's Toxic Radiance
                  | and Fireball to your library.
  1552 | D:3      | Got Peoleoc's Almanac of the Panacea and Anthracomancy
  1656 | D:3      | Found a faded altar of an unknown god.
  1879 | D:3      | Found a bloodstained altar of Trog.
  1930 | D:3      | Reached XP level 5. HP: 35/37 MP: 8/8
  1931 | D:3      | Identified the +9 mace "Gumelim" {heavy, rElec rPois Str-4
                  | SInv}
  2420 | D:3      | Learned a level 3 spell: Tukima's Dance
  2546 | D:4      | Identified the +1 leather armour "Gusuw" {rC- Will+ Int+2}
  2609 | D:4      | Reached skill level 4 in Stealth
  2838 | D:4      | Noticed Sigmund
  2864 | D:4      | Found a glowing drain.
  2871 | D:4      | Noticed a black bear
  2900 | D:4      | Reached skill level 2 in Ice Magic
  2900 | D:4      | Reached XP level 6. HP: 29/44 MP: 9/9
  2927 | Sewer    | Entered a sewer
  3044 | Sewer    | Reached skill level 2 in Fighting
  3319 | Sewer    | Reached skill level 3 in Short Blades
  3628 | Sewer    | HP: 10/44 [frozen (4)]
  3630 | Sewer    | HP: 4/44 [frozen (3)]
  3632 | Sewer    | Reached skill level 3 in Spellcasting
  3632 | Sewer    | Reached XP level 7. HP: 5/51 MP: 5/11
  4030 | Sewer    | Reached skill level 3 in Ice Magic
  4036 | Sewer    | Reached skill level 4 in Hexes
  4189 | D:4      | Learned a level 3 spell: Dazzling Flash
  4364 | D:4      | You pick up a book of Storms and begin reading...
  4364 | D:4      | You add the spells Static Discharge, Airstrike and Summon
                  | Lightning Spire to your library.
  4466 | D:4      | Reached skill level 5 in Stealth
  4865 | D:3      | Bought a glowing dagger for 85 gold pieces
  4866 | D:3      | Identified a potion of experience
  4916 | D:4      | Killed Sigmund
  4917 | D:4      | Reached skill level 3 in Fighting
  4917 | D:4      | Reached skill level 4 in Short Blades
  4917 | D:4      | Gained mutation: A meltable shield of frost defends you.
                  | (SH +0) [demonic ancestry]
  4917 | D:4      | Reached XP level 8. HP: 58/58 MP: 11/13
  4951 | D:5      | Entered Level 5 of the Dungeon
  5056 | D:5      | Reached skill level 4 in Ice Magic
  5178 | D:5      | You pick up a book of Cantrips and begin reading...
  5178 | D:5      | You add the spells Necrotise, Summon Small Mammal and
                  | Apportation to your library.
  5495 | D:5      | Found a shimmering altar of Xom.
  5518 | D:5      | Reached skill level 6 in Stealth
  5624 | D:5      | Found a staircase to the Ecumenical Temple.
  5633 | Temple   | Entered the Ecumenical Temple
  5647 | Temple   | Became a worshipper of Dithmenos the Shadowed
  5857 | D:6      | Reached skill level 4 in Spellcasting
  5939 | D:6      | Reached skill level 5 in Short Blades
  5939 | D:6      | Reached XP level 9. HP: 64/65 MP: 11/15
  6040 | D:6      | Reached skill level 4 in Fighting
  6239 | D:6      | Reached skill level 5 in Hexes
  6239 | D:6      | Reached skill level 5 in Ice Magic
  6264 | D:6      | Found Qequ's Book Shop.
  6701 | D:7      | Reached * piety under Dithmenos
  6871 | D:7      | Reached skill level 7 in Stealth
  7276 | D:7      | Reached skill level 6 in Short Blades
  7632 | D:7      | Found the +5 woodcutter's axe
  7644 | D:7      | You pick up a book of Hexes and begin reading...
  7644 | D:7      | You add the spells Anguish, Cause Fear and Enfeeble to your
                  | library.
  7771 | D:8      | Found a staircase to the Lair.
  7772 | D:8      | Noticed a komodo dragon
  7791 | D:8      | Killed a komodo dragon
  7826 | D:8      | Gained mutation: You sometimes gain a little power by
                  | taking damage. [demonic ancestry]
  7826 | D:8      | Reached XP level 10. HP: 73/73 MP: 17/17
  7833 | D:8      | Reached skill level 5 in Fighting
  7833 | D:8      | Reached skill level 5 in Spellcasting
  7836 | D:8      | Noticed a cyclops
  7839 | D:8      | Noticed a manticore
  7851 | D:8      | Killed a manticore
  7852 | D:8      | Reached skill level 8 in Stealth
  7852 | D:8      | Reached skill level 6 in Hexes
  7855 | D:8      | HP: 3/74 [cyclops (19)]
  7860 | D:8      | Mangled by a cyclops

Vanquished Creatures
  A manticore (D:8)
  A komodo dragon (D:8)
  Sigmund (D:4)
  2 wyverns
  A basilisk (D:8)
  3 steam dragons
  2 water moccasins (D:7)
  3 ice beasts (D:6)
  2 sky beasts
  A black bear (D:4)
  2 ogres
  2 centaurs
  A phantom (D:5)
  8 kobold brigands
  5 scorpions
  A bullfrog (D:6)
  A gnoll sergeant (D:5)
  5 wights (D:7)
  2 hounds
  3 jellies
  3 orc priests (D:4)
  A gnoll bouda (D:4)
  4 iguanas
  A sleepcap (D:4)
  3 orc wizards
  19 gnolls
  9 adders
  2 river rats (Sewer)
  A shadow imp (D:7)
  A white imp (D:7)
  2 ufetubi (D:6)
  2 worms (Sewer)
  3 dart slugs
  16 orcs
  9 endoplasms
  4 giant cockroaches
  3 goblins
  2 hobgoblins
  3 quokkas
  6 ball pythons
  3 bats
  5 frilled lizards
  8 kobolds
  9 rats
166 creatures vanquished.

Vanquished Creatures (others)
  A water moccasin (D:8)
1 creature vanquished.

Grand Total: 167 creatures vanquished

Table legend:
 A = Non-vault XP
 B = Vault XP
 C = Vault XP percentage of total XP
 D = Non-vault monster count
 E = Vault monster count
 F = Vault count percentage of total count
                 A         B        C        D         E       F
            +---------+---------+-------+---------+---------+-------
      Total |    3981 |    2948 |  42.5 |     118 |      49 |  29.3
            +---------+---------+-------+---------+---------+-------
        D:1 |      25 |       1 |   3.8 |      15 |       1 |   6.2
        D:2 |      96 |       0 |   0.0 |      18 |       0 |   0.0
        D:3 |      82 |       0 |   0.0 |      12 |       0 |   0.0
        D:4 |     501 |     235 |  31.9 |      20 |       4 |  16.7
        D:5 |     741 |     140 |  15.9 |      16 |       5 |  23.8
        D:6 |    1186 |       0 |   0.0 |      22 |       0 |   0.0
        D:7 |    1145 |       0 |   0.0 |      14 |       0 |   0.0
        D:8 |     205 |    1920 |  90.4 |       1 |      11 |  91.7
      Sewer |       0 |     652 | 100.0 |       0 |      28 | 100.0
            +---------+---------+-------+---------+---------+-------

Skill      XL: |  1  2  3  4  5  6  7  8  9 10 |
---------------+-------------------------------+-----
Short Blades   | 1 2 3 4 5 6 |  6.8
Stealth        | 3 4 5 6 7 8 |  8.0
Fighting       | 1 2 3 4 5 |  5.3
Ice Magic      | 1 2 3 4 5 |  5.0
Spellcasting   | 3 4 5 |  5.2
Hexes          | 4 5 6 |  6.0
Dodging        | |  1.7

Action                     |  1- 3 |  4- 6 |  7- 9 | 10-12 || total
---------------------------+-------+-------+-------+-------++-------
  Melee: Dagger            |    87 |   152 |   202 |    10 ||   451
         Touch             |    10 |    19 |    39 |     2 ||    70
         Punch             |       |     2 |     3 |       ||     5
   Cast: Ensorcelled Hiber |     9 |    30 |    56 |    19 ||   114
         Confusing Touch   |       |     2 |    12 |       ||    14
    Use: Scroll            |     1 |    11 |     8 |       ||    20
         Potion            |       |     3 |     1 |     1 ||     5
   Stab: Sleeping          |     6 |    20 |    50 |     7 ||    83
         Invisible         |       |     3 |       |       ||     3
         Confused          |       |     1 |     2 |       ||     3
 Armour: Robe              |    54 |    75 |   100 |       ||   229
         Steam dragon scal |       |       |    19 |    16 ||    35
  Dodge: Dodged            |    68 |    80 |   112 |     6 ||   266
  Block: Other             |       |       |    16 |       ||    16

Illustrated notes

Table legend:
 A = Kills in this place as a percentage of kills in the entire game.
 B = Kills by you in this place as a percentage of kills by you in the entire game.
 C = Kills by friends in this place as a percentage of kills by friends in the entire game.
 D = Other kills in this place as a percentage of other kills in the entire game.
 E = Experience gained in this place as a percentage of experience gained in the entire game.
 F = Experience gained in this place divided by the number of levels of this place that you have seen.
                   A       B       C       D       E      F
               +-------+-------+-------+-------+-------+----------------------
         Total | 100.0 | 100.0 |   N/A | 100.0 | 100.0 | 692.9
       Dungeon |  83.2 |  83.0 |   N/A | 100.0 |  90.6 | 784.6
         Sewer |  16.8 |  17.0 |   N/A |   0.0 |   9.4 | 652.0
               +-------+-------+-------+-------+-------+----------------------

Table legend: (Time is in decaauts)
 A = Elapsed time spent in this place.
 B = Non-inter-level travel time spent in this place.
 C = Inter-level travel time spent in this place.
 D = Time resting spent in this place.
 E = Time spent auto-exploring this place.
 F = Levels seen in this place.
 G = Mean time per level.
                   A        B        C        D        E       F      G
               +--------+--------+--------+--------+--------+-----+--------+
         Total |   8019 |   7711 |    308 |    236 |   5731 |  10 |  801.9 |
       Dungeon |   6525 |   6244 |    281 |    203 |   4651 |   8 |  815.6 |
        Temple |     28 |      1 |     27 |      0 |      0 |   1 |   28.0 |
         Sewer |   1466 |   1466 |      0 |     33 |   1080 |   1 | 1466.0 |
               +--------+--------+--------+--------+--------+-----+--------+

Top non-repeatable levels by time:
   Sewer: 1466 daAuts
     D:4: 1202 daAuts
     D:7: 1065 daAuts
     D:3: 1013 daAuts
     D:1: 887 daAuts
     D:5: 867 daAuts
     D:6: 743 daAuts
     D:2: 575 daAuts
     D:8: 169 daAuts
  Temple: 28 daAuts
